 Dungeon Crawl Stone Soup version 0.24-a0-182-gc7eaa07 (webtiles) character file.

Game seed: 4590420884756813504

9636 Ivan the Severer (level 11, -9/101 HPs)
             Began as a Minotaur Fighter on Mar 15, 2019.
             Was a Follower of Okawaru.
             Killed from afar by a gargoyle (19 damage)
             ... with a stone arrow
             ... on level 10 of the Dungeon.
             The game lasted 00:27:54 (7517 turns).

Ivan the Severer (Minotaur Fighter)                 Turns: 7517, Time: 00:27:54

Health: -9/101     AC: 18    Str: 23    XL:     11   Next: 25%
Magic:  17/19      EV:  9    Int:  5    God:    Okawaru [*.....]
Gold:   833        SH: 13    Dex: 11    Spells: 10/10 levels left

rFire    . . .     SeeInvis .   s - +2 war axe (freeze)
rCold    + . .     Gourm    .   c - +0 shield
rNeg     . . .     Faith    .   d - +0 plate armour {rPois}
rPois    +         Spirit   .   C - +0 hat {MR+}
rElec    .         Reflect  .   (no cloak)
rCorr    .         Harm     .   m - +1 pair of gloves
MR       +....     Rnd*Tele +   (no boots)
Stlth    ..........             (no amulet)
HPRegen  0.26/turn              p - ring of ice
MPRegen  0.16/turn              k - ring of Aseemu {*Tele rF+ MP+9}

@: heroism
A: retaliatory headbutt, horns 2
a: Heroism, Renounce Religion


You were on level 10 of the Dungeon.
You worshipped Okawaru.
Okawaru was aware of your devotion.
You were very hungry.

You visited 2 branches of the dungeon, and saw 11 of its levels.
You also visited: Sewer.

You collected 833 gold pieces.

Inventory:

Hand Weapons
 s - a +2 war axe of freezing (weapon)
Armour
 c - a +0 shield (worn)
 d - a +0 plate armour of poison resistance (worn)
 m - a +1 pair of gloves (worn)
 C - a +0 hat of magic resistance (worn)
Jewellery
 k - the ring of Aseemu (right hand) {*Tele rF+ MP+9}
   (You found it on level 5 of the Dungeon)

   [ring of teleportation]

   It may teleport you next to monsters.
   It protects you from fire.
   It affects your magic capacity (+9).
 p - a ring of ice (left hand)
Wands
 l - a wand of acid (10)
 w - a wand of disintegration (31)
Scrolls
 b - a scroll of amnesia {unknown}
 e - 4 scrolls of teleportation
 h - 9 scrolls of remove curse
 j - 2 scrolls of blinking
 t - a scroll of enchant weapon {unknown}
 u - 2 scrolls of immolation
 y - a scroll of magic mapping
 z - 2 scrolls of enchant armour {unknown}
 A - 2 scrolls of random uselessness {unknown}
Potions
 g - 3 potions of curing
 n - 6 potions of flight
 o - 2 potions of ambrosia
 q - a potion of magic
 r - a potion of berserk rage
 x - a potion of haste
 B - a potion of lignification {unknown}
Comestibles
 f - 16 rations


   Skills:
 * Level 10.5(15.5) Fighting
 * Level 15.0(20.0) Axes
 + Level 7.9(12.9) Armour
 - Level 0.2(5.2) Dodging
 + Level 8.2(13.2) Shields


You had 10 spell levels left.
You didn't know any spells.
Your spell library contained the following spells:

 Spells                   Type           Power        Failure   Level  Hunger
 Corona                   Hex            #......      100%        1    ##.....
 Ensorcelled Hibernation  Hex/Ice        #.....       100%        2    ###....
 Confuse                  Hex            #.......     100%        3    ####...
 Dazzling Spray           Conj/Hex       #.....       100%        3    ####...
 Tukima's Dance           Hex            #.......     100%        3    ####...


Dungeon Overview and Level Annotations

Branches:
Dungeon (10/15)            Temple (1/1) D:6            Lair (0/6) D:10
    Orc: D:9-12

Altars:
Ashenzari
Cheibriados
Dithmenos
Elyvilon
Fedhas
Gozag
Hepliaklqana
Kikubaaqudgha
Makhleb
Nemelex Xobeh
Okawaru
Qazlal
Ru
Sif Muna
Trog
Uskayaw
Vehumet
Wu Jian
Xom
Yredelemnul
Zin
The Shining One

Shops:
D:6 [   D:10 }

Annotations:
D:4 3 runed translucent doors, Gridlocked's ghost, amateur TrCK; mezmerelda's ghost, amateur SpEn


Innate Abilities, Weirdness & Mutations

You reflexively headbutt those who attack you in melee.
You have a pair of horns on your head.


Message History

The gargoyle hurls a stone arrow at you.
The stone arrow hits you!
* * * LOW HITPOINT WARNING * * *
There is an open door, spattered with blood here.
You hit the gargoyle. You freeze the gargoyle.
You headbutt the gargoyle, but do no damage.
The gargoyle is moderately damaged.
Something hits you but does no damage.
The gargoyle hurls a stone arrow at you.
The stone arrow hits you!
* * * LOW HITPOINT WARNING * * *
You gain the combat prowess of a mighty hero.
Something hits you!
* * * LOW HITPOINT WARNING * * *
You block the gargoyle's attack. Something hits you.
* * * LOW HITPOINT WARNING * * *
You feel better. You block something's attack.
The gargoyle hurls a stone arrow at you.
The stone arrow hits you!!
You die...

#.....†. #.........#
#....... #.........#
#....... #.........#
#....... #.........#
+....... #.........+
#....... #.........#
#....... #...9.....#
#......> #@# #######
#.# #... ##.# ##'##
#..# #....
####'######## #....
#...........# #....
#...........# ###.(..
#...........####.'....
#.).........##...#....


You could see a gargoyle.

Vanquished Creatures
  Gastronok (D:8)
  An unseen horror (D:10)
  Pikel (D:4)
  Grinder (D:5)
  3 hippogriffs
  A basilisk (shapeshifter) (D:10)
  2 hungry ghosts
  A water moccasin (D:8)
  A black bear (D:10)
  2 porcupines (D:10)
  An ice beast (D:7)
  3 orc warriors
  3 sky beasts
  A slave (D:4)
  6 ogres
  A phantom (D:5)
  6 centaurs
  A crocodile (D:10)
  8 big kobolds
  6 bullfrogs
  12 killer bees (D:8)
  A water moccasin skeleton (D:7)
  4 scorpions
  4 crimson imps
  A bullfrog zombie (D:5)
  A quasit (D:5)
  2 centaur skeletons
  A centaur zombie (D:8)
  10 hounds
  4 jellies
  4 orc wizards
  2 orc priests
  A gnoll shaman (D:8)
  2 iguanas
  Ijyb (D:4)
  14 worker ants
  2 hound zombies
  A howler monkey zombie (D:5)
  2 worker ant zombies
  18 gnolls
  12 adders
  A howler monkey skeleton (D:8)
  5 river rats
  A shadow imp (D:9)
  3 adder skeletons
  An adder zombie (D:7)
  6 worms
  3 dart slugs
  2 leopard geckos
  23 orcs
  6 bats
  2 giant cockroaches (D:4)
  2 gnoll zombies (D:2)
  5 goblins
  10 hobgoblins
  13 jackals
  8 quokkas
  4 ball pythons
  3 frilled lizards
  54 kobolds
  A leopard gecko skeleton (D:5)
  A leopard gecko zombie (D:6)
  A quokka skeleton (D:5)
  A quokka zombie (D:5)
  10 rats
  4 fungi (D:10)
  3 plants (D:10)
322 creatures vanquished.

Vanquished Creatures (others)
  6 fungi (D:10)
  A withered plant (D:4)
7 creatures vanquished.

Grand Total: 329 creatures vanquished

Notes
Turn   | Place    | Note
-------+----------+-------------------------------------------
     0 | D:1      | Ivan the Minotaur Fighter began the quest for the Orb.
     0 | D:1      | Reached XP level 1. HP: 19/19 MP: 0/0
   149 | D:1      | Reached XP level 2. HP: 26/27 MP: 1/1
   754 | D:2      | Found an opulent altar of Gozag.
   829 | D:2      | Reached XP level 3. HP: 30/33 MP: 2/2
   842 | D:2      | Reached skill level 3 in Axes
   849 | D:2      | Found a glowing golden altar of the Shining One.
  1066 | D:2      | Reached XP level 4. HP: 41/41 MP: 3/3
  1159 | D:2      | Noticed a bullfrog
  1163 | D:2      | Killed a bullfrog
  1163 | D:2      | Reached skill level 4 in Axes
  1163 | D:2      | Reached XP level 5. HP: 46/47 MP: 4/4
  1293 | D:2      | Found a basalt altar of Yredelemnul.
  1444 | D:3      | Reached skill level 5 in Axes
  1853 | D:3      | Reached XP level 6. HP: 55/55 MP: 5/5
  2128 | D:3      | Reached skill level 5 in Fighting
  2164 | D:3      | Reached skill level 6 in Axes
  2164 | D:3      | Reached skill level 5 in Armour
  2171 | D:3      | Reached XP level 7. HP: 28/61 MP: 6/6
  2171 | D:3      | Reached skill level 7 in Axes
  2171 | D:3      | Reached skill level 5 in Shields
  2259 | D:3      | HP: 3/61 [kobold (2)]
  2825 | D:4      | Reached skill level 8 in Axes
  2829 | D:4      | Found a glowing drain.
  2847 | Sewer    | Entered a sewer
  2976 | Sewer    | Found a white marble altar of Elyvilon.
  3164 | D:4      | Reached XP level 8. HP: 55/70 MP: 7/7
  3185 | D:4      | Noticed Ijyb
  3193 | D:4      | Killed Ijyb
  3200 | D:4      | Found a runed translucent gate.
  3201 | D:4      | Found a runed translucent gate.
  3202 | D:4      | Found a runed translucent gate.
  3203 | D:4      | Noticed Gridlocked's ghost (amateur TrCK)
  3204 | D:4      | Noticed mezmerelda's ghost (amateur SpEn)
  3479 | D:4      | Reached skill level 9 in Axes
  3592 | D:4      | Noticed Pikel
  3603 | D:4      | Killed Pikel
  3603 | D:4      | Reached skill level 10 in Axes
  3665 | D:5      | Entered Level 5 of the Dungeon
  3782 | D:5      | Got a wavering pewter ring
  3784 | D:5      | Identified the ring of Aseemu {*Tele rF+ MP+9} (You found
                  | it on level 5 of the Dungeon)
  3889 | D:5      | Reached XP level 9. HP: 79/79 MP: 8/8
  4208 | D:5      | Reached skill level 11 in Axes
  4290 | D:5      | Found a shimmering altar of Xom.
  4292 | D:5      | Noticed Grinder
  4294 | D:5      | Paralysed by Grinder for 5 turns
  4304 | D:5      | Killed Grinder
  4636 | D:6      | Found Kag Kisch's Armour Shop.
  4651 | D:6      | Found a staircase to the Ecumenical Temple.
  4667 | Temple   | Entered the Ecumenical Temple
  5303 | D:7      | Reached skill level 12 in Axes
  5544 | D:7      | Found a radiant altar of Vehumet.
  5826 | D:8      | Reached XP level 10. HP: 89/90 MP: 9/9
  6017 | D:8      | Noticed Gastronok
  6036 | D:8      | Killed Gastronok
  6036 | D:8      | Reached skill level 13 in Axes
  6084 | D:8      | Reached skill level 14 in Axes
  6535 | D:8      | Reached skill level 10 in Fighting
  6766 | D:9      | Found a flagged portal.
  6770 | D:9      | Found a shattered altar of Ashenzari.
  6916 | D:9      | Found a deep blue altar of Sif Muna.
  6916 | D:9      | Found an iron altar of Okawaru.
  6917 | D:9      | Found a blossoming altar of Fedhas.
  6936 | D:9      | Became a worshipper of Warmaster Okawaru
  7155 | D:10     | Entered Level 10 of the Dungeon
  7157 | D:10     | Reached XP level 11. HP: 99/99 MP: 10/10
  7174 | D:10     | Found a staircase to the Lair.
  7407 | D:10     | Killed an unseen horror
  7415 | D:10     | Found Daagreev's Gadget Shop.
  7429 | D:10     | Reached skill level 15 in Axes
  7438 | D:10     | Reached * piety under Okawaru
  7516 | D:10     | HP: 3/101 [something (7)]
  7517 | D:10     | Killed from afar by a gargoyle

Levels and vault maps discovered:
D:1:      dpeg_arrival_stone_temple_mockup, layout_basic, serial_forest,
          infiniplex_forest_lined_ring, infiniplex_forest_clump_double,
          infiniplex_forest_diagonal, infiniplex_forest_corner_1,
          infiniplex_forest_lined_ring, minmay_misc_feat_tiny
D:2:      layout_loops_ring, lemuel_zombie_altar_yredelemnul, tso_metal_star,
          nicolae_gozag_seed_capital
D:3:      minmay_goblin_kobold_castle, layout_basic, first_ration
D:4:      layout_loops_ring, gammafunk_ghost_cemetery, portal_sewer_entry_a,
          kennysheep_generic_room_4, uniq_ijyb, uniq_pikel
D:5:      minmay_opposing_rooms, layout_basic, basic_altar, uniq_grinder
D:6:      layout_basic, minmay_temple_entry_drinking_statues, serial_shops,
          shop_fountains, serial_rivers, chequers_serial_rivers_room_b,
          chequers_serial_rivers_micro_d, chequers_serial_rivers_micro_a,
          chequers_serial_rivers_small_b, grunt_tough_drop
D:7:      layout_loops_ring, lemuel_crystal_altar
D:8:      layout_basic, uniq_gastronok
D:9:      layout_rooms, chequers_temple_overflow_statue_of_worship,
          enter_bailey_2
D:10:     layout_roguey [special_room_bee], due_lair_maze_entry_diamond,
          serial_shops, shop, uniq_erolcha
Temple:   eino_wide_crystal_templ
Sewer:    sewer_kobolds

Skill      XL: |  1  2  3  4  5  6  7  8  9 10 11 |
---------------+----------------------------------+-----
Armour         | 4 5 6 7 |  7.9
Fighting       | 4 5 7 8 10 | 10.5
Shields        | 4 5 6 7 8 |  8.2
Axes           | 3 4 5 6 8 10 12 14 15 | 15.0
Dodging        | |  0.2

Action                   |  1- 3 |  4- 6 |  7- 9 | 10-12 || total
-------------------------+-------+-------+-------+-------++-------
Melee: War axe           |    76 |   111 |   350 |   212 ||   749
       Headbutt          |    10 |    15 |    54 |    47 ||   126
Invok: Heroism           |       |       |       |     1 ||     1
  Use: Scroll            |       |       |     9 |     1 ||    10
       Potion            |       |       |     5 |     4 ||     9
  Eat: Chunk             |     1 |     3 |     8 |     2 ||    14
       Ration            |       |       |     2 |     1 ||     3
Armor: Scale mail        |    34 |    67 |   102 |       ||   203
       Plate armour      |       |       |    72 |   151 ||   223
Dodge: Dodged            |    29 |    42 |    80 |    51 ||   202
Block: Shield            |    36 |    74 |   192 |   128 ||   430

Table legend:
 A = Non-vault XP
 B = Vault XP
 C = Vault XP percentage of total XP
 D = Non-vault monster count
 E = Vault monster count
 F = Vault count percentage of total count
                 A         B        C        D         E       F
            +---------+---------+-------+---------+---------+-------
      Total |    8523 |    5243 |  38.1 |     220 |      94 |  29.9
            +---------+---------+-------+---------+---------+-------
        D:1 |      33 |       0 |   0.0 |      17 |       0 |   0.0
        D:2 |     186 |       4 |   2.1 |      23 |       2 |   8.0
        D:3 |     222 |     712 |  76.2 |      30 |      48 |  61.5
        D:4 |     331 |     699 |  67.9 |      15 |      11 |  42.3
        D:5 |     549 |     638 |  53.7 |      23 |      10 |  30.3
        D:6 |     642 |       1 |   0.2 |      16 |       1 |   5.9
        D:7 |     692 |       0 |   0.0 |      11 |       0 |   0.0
        D:8 |    2890 |    2151 |  42.7 |      47 |       1 |   2.1
        D:9 |     961 |       0 |   0.0 |      24 |       0 |   0.0
       D:10 |    2017 |     893 |  30.7 |      14 |       8 |  36.4
      Sewer |       0 |     145 | 100.0 |       0 |      13 | 100.0
            +---------+---------+-------+---------+---------+-------
